Map: Ephemeron LE

Players

ViBE - Winner!

  • Race: Protoss Protoss
  • League: Bronze
  • Spawn Location: 11:00

raider

  • Race: Terran Terran
  • Spawn Location: 5:00

VOD

https://www.youtube.com/watch?v=kuS_PgtyAP8&list=PLFeZeom2b4DmHduNHeFj-6PfoasuSQn3P&index=2

Description

Time

  • Played on: Dec. 4, 2019, 8:06 p.m.
  • Length: 14:58
Show
View Real Time Build Order
Export as new Build Order

ViBE Protoss - Winner!

Build Orders: 1 Gate Expand 

Get SALT Encoding   

  12  0:00  Probe  
  13  0:13  Probe  
  14  0:17  Pylon  
  14  0:26  Probe  
  15  0:38  Probe  
  15  0:41  Gateway  
  16  0:50  Probe  
  17  1:02  Probe (Chrono Boost)  
  18  1:06  Assimilator  
  18  1:14  Probe (Chrono Boost)  
  19  1:18  Probe (Chrono Boost)  
  20  1:28  Probe  
  21  1:34  Cybernetics Core  
  21  1:41  Probe  
  21  1:42  Nexus  
  22  1:50  Pylon  
  22  1:53  Probe  
  23  1:56  Assimilator  
  23  2:08  Probe (Chrono Boost)  
  24  2:20  Probe (Chrono Boost)  
  25  2:26  Probe (Chrono Boost)  
  26  2:35  Probe  
  27  2:47  Probe  
  28  2:59  Probe (Chrono Boost)  
  28  3:01  Probe (Chrono Boost)  
  28  3:04  Stalker  
  28  3:05  Warp Gate  
  32  3:10  Probe (Chrono Boost)  
  32  3:12  Probe (Chrono Boost)  
  33  3:18  Probe  
  35  3:20  Probe  
  35  3:24  Nexus  
  35  3:26  Pylon  
  36  3:30  Probe  
  36  3:32  Probe  
  38  3:35  Stalker  
  40  3:44  Probe  
  40  3:45  Probe  
  42  3:56  Probe (Chrono Boost)  
  42  3:57  Probe (Chrono Boost)  
  44  4:08  Stalker, Probe (Chrono Boost)  
  44  4:09  Probe (Chrono Boost)  
  48  4:12  Pylon  
  48  4:15  Pylon  
  48  4:16  Probe x2 (Chrono Boost)  
  50  4:21  Assimilator  
  50  4:22  Probe, Assimilator  
  50  4:23  Probe  
  52  4:35  Probe x2  
  54  4:38  Stalker  
  54  4:40  Probe  
  57  4:47  Probe x2  
  57  4:52  Probe  
  62  5:00  Probe x2 (Chrono Boost)  
  62  5:04  Probe (Chrono Boost)  
  63  5:11  Probe (Chrono Boost)  
  63  5:12  Pylon, Nexus, Probe (Chrono Boost)  
  66  5:14  Probe (Chrono Boost)  
  66  5:16  Probe (Chrono Boost)  
  66  5:17  Probe (Chrono Boost)  
  66  5:19  Probe (Chrono Boost)  
  69  5:27  Probe x2  
  71  5:30  Probe  
  71  5:33  Pylon  
  72  5:39  Probe x2  
  72  5:41  Pylon  
  74  5:43  Probe (Chrono Boost)  
  74  5:49  Assimilator  
  75  5:50  Assimilator  
  75  5:52  Probe (Chrono Boost)  
  75  5:55  Probe (Chrono Boost)  
  78  5:57  Probe (Chrono Boost)  
  78  6:01  Probe (Chrono Boost)  
  78  6:02  Probe (Chrono Boost)  
  78  6:03  Pylon  
  81  6:05  Probe (Chrono Boost)  
  81  6:09  Probe  
  81  6:10  Probe  
  83  6:16  Probe  
  84  6:28  Probe  
  84  6:29  Probe x3  
  88  6:57  Nexus  
  88  6:58  Pylon  
  88  7:03  Assimilator x2  
  88  7:07  Pylon  
  88  7:11  Pylon  
  88  7:13  Stalker  
  90  7:16  Pylon  
  90  7:33  Gateway  
  90  7:35  Gateway  
  90  7:37  Gateway  
  90  7:40  Gateway  
  90  7:41  Gateway x2  
  90  7:45  Gateway x2  
  90  7:49  Gateway x2  
  90  7:51  Gateway  
  90  7:54  Gateway  
  90  7:55  Pylon  
  90  7:57  Pylon, Gateway  
  90  7:59  Pylon, Gateway  
  90  8:01  Pylon, Robotics Facility  
  90  8:03  Pylon, Robotics Facility  
  90  8:05  Robotics Facility  
  90  8:06  Pylon  
  90  8:09  Gateway x2  
  90  8:11  Gateway  
  90  8:13  Gateway  
  90  8:17  Stalker  
  92  8:26  Forge  
  92  8:37  Stalker x3  
  92  8:38  Stalker x2  
  92  8:39  Stalker x2  
  92  8:40  Stalker x2  
  110  8:43  Stalker  
  110  8:44  Stalker  
  114  8:54  Immortal  
  114  8:55  Immortal x2  
  126  8:56  Stalker x4  
  126  8:57  Stalker x3  
  126  8:58  Stalker x3  
  126  8:59  Stalker x2  
  126  9:01  Stalker x2  
  154  9:03  Stalker  
  154  9:04  Stalker x2  
  154  9:05  Stalker  
  154  9:07  Stalker  
  164  9:14  Stalker x2  
  164  9:15  Stalker  
  170  9:19  Stalker x2  
  170  9:20  Stalker x3  
  170  9:21  Stalker x3  
  170  9:22  Stalker x2  
  170  9:23  Stalker  
  192  9:29  Stalker x4  
  200  9:40  Protoss Ground Weapons Level 1 (Chrono Boost)  
  176  11:33  Stalker x2  
  176  11:34  Stalker x3  
  176  11:35  Stalker x2  
Show
View Real Time Build Order
Export as new Build Order

raider Terran 

Build Orders:  

Get SALT Encoding   

  12  0:10  SCV  
  13  0:22  SCV  
  14  0:31  Supply Depot  
  14  0:34  SCV  
  15  0:38  Refinery  
  15  0:53  SCV  
  16  1:01  Barracks  
  16  1:04  Supply Depot  
  16  1:06  SCV  
  17  1:19  SCV  
  18  1:31  SCV  
  19  1:34  Supply Depot  
  19  1:43  SCV  
  20  1:54  Barracks Reactor  
  20  1:55  SCV  
  21  2:07  SCV  
  21  2:08  Engineering Bay  
  22  2:20  Supply Depot  
  22  2:28  Refinery  
  22  2:38  Marine x2  
  22  2:40  Barracks  
  24  2:56  Marine  
  25  3:10  Factory, Marine  
  26  3:13  Terran Infantry Weapons Level 1  
  26  3:14  Marine  
  27  3:28  Marine  
  27  3:33  Barracks Reactor, Supply Depot  
  28  3:36  Marine  
  29  3:45  Marine  
  30  4:12  Starport  
  30  4:47  Factory Tech Lab  
  30  4:55  Starport Tech Lab  
  30  5:08  Terran Infantry Armor Level 1  
  30  5:12  Fusion Core  
  30  5:19  Marine x2  
  32  5:36  Marine  
  32  5:38  Marine  
  34  5:44  Siege Tank  
  37  5:50  SCV  
  37  5:54  Marine  
  39  5:58  Armory  
  39  6:02  SCV  
  40  6:08  Command Center  
  40  6:14  SCV  
  40  6:16  Siege Tank  
  44  6:26  SCV, Refinery  
  45  6:38  SCV  
  46  7:02  Hi-Sec Auto Tracking  
  46  7:27  Terran Vehicle Weapons Level 1  
  46  7:32  Battlecruiser  
  52  8:03  Command Center  
  52  8:13  Thor  
  58  8:23  Command Center  
  58  8:25  Supply Depot  
  58  8:46  Refinery  
  58  8:48  SCV  
  59  8:58  Infernal Pre-Igniter  
  59  9:00  SCV  
  66  9:12  SCV  
  61  9:21  Terran Vehicle And Ship Armor Level 1  
  61  9:32  Supply Depot  
  61  9:34  Battlecruiser  
  67  9:50  Refinery  
  67  10:01  Starport  
  51  10:07  Marine x2  
  46  10:25  Marine x2  
  37  10:43  Marine x2  
  2  11:52  Hellion  
  4  11:54  SCV  
  5  12:07  SCV  
  6  12:13  Hellion  
  8  12:19  SCV  
  8  12:31  SCV x2  
  8  12:35  Hellion  
  12  12:43  SCV  
  4  12:56  SCV  
Tags
 
Add a new tag
Caveats
  • Supply blocks, unpowered buildings, or Contaminate may cause inaccurate times.
  • Supply counts are checked every 10 seconds.